 Dungeon Crawl Stone Soup version 0.30.1-3-gfc49f6343a (webtiles) character file.

Game seed: 697801515977799725

53 shmup the Firebug (level 3, 0/19 HPs)
             Began as a Tengu Fire Elementalist on Aug 2, 2023.
             Slain by a kobold
             ... wielding a +0 whip
              (1 damage)
             ... on level 2 of the Dungeon.
             The game lasted 00:02:34 (1368 turns).

shmup the Firebug (Tengu Fire Elementalist)         Turns: 1368, Time: 00:02:34

Health: 0/19       AC:  2    Str:  8    XL:     3   Next: 89%
Magic:  5/7        EV: 12    Int: 17    God:
Gold:   83         SH:  0    Dex: 14    Spells: 3/6 levels left

rFire   . . .        f - +0 dagger
rCold   . . .        (no shield)
rNeg    . . .        a - +0 robe
rPois   .            (helmet restricted)
rElec   .            (no cloak)
rCorr   .            (no gloves)
SInv    .            (boots unavailable)
Will    .....        (no amulet)
Stlth   ++           (no ring)
HPRegen 0.23/turn    (no ring)
MPRegen 0.10/turn

%: no passive effects
@: mighty
A: beak, talons 3
a: no special abilities


You were on level 2 of the Dungeon.
You visited 1 branch of the dungeon, and saw 2 of its levels.

You collected 125 gold pieces.
You spent 42 gold pieces at shops.

Inventory:

Hand Weapons
 f - a +0 dagger (weapon)
Missiles
 d - 19 stones (quivered)
Armour
 a - a +0 robe (worn)
Jewellery
 l - a ring of protection from fire
Scrolls
 c - a scroll of fog {unknown}
 e - a scroll of amnesia {unknown}
 h - a scroll of teleportation
 j - a scroll of noise {unknown}
 n - 2 scrolls of fear {unknown}
Potions
 g - a potion of haste {unknown}
 i - a potion of ambrosia {unknown}
 k - a potion of berserk rage {unknown}
 m - a potion of might


   Skills:
 - Level 2.1 Dodging
 - Level 2.0 Stealth
 - Level 2.0 Spellcasting
 + Level 2.9 Conjurations
 * Level 4.6 Fire Magic


You had 3 spell levels left.
You knew the following spells:

 Your Spells              Type           Power      Damage    Failure   Level
a - Foxfire               Conj/Fire      56%        2x1d6     4%          1
b - Scorch                Fire           34%        2d6       4%          2

Your spell library contained the following spells:

 Spells                   Type           Power      Damage    Failure   Level
 Apportation              Tloc           2%         N/A       19%         1
 Necrotise                Necr           4%         1d4       19%         1
 Summon Small Mammal      Summ           4%         N/A       19%         1
 Inner Flame              Hex/Fire       9%         N/A       22%         3
 Volatile Blastmotes      Fire/Tloc      18%        2d11      22%         3
 Flame Wave               Conj/Fire      14%        2d6       38%         4


Dungeon Overview and Level Annotations

Branches:
Dungeon (2/15) Zot: 10631

Altars:

Shops:
D:1 ?


Innate Abilities, Weirdness & Mutations

You have a beak for a mouth.
You have claws for feet.


Message History

The kobold hits you with a +0 dagger.
The kobold hits you with a +0 short sword.
* * * LOW HITPOINT WARNING * * *
You hit the kobold but do no damage. You claw the kobold, but do no damage.
Your peck misses the kobold.
The kobold is moderately wounded.
The kobold hits you with a +0 short sword.
* * * LOW HITPOINT WARNING * * *
The kobold hits you but does no damage.
Unknown command.
Casting: Foxfire (safe; 4% risk of failure)
Confirm with . or Enter, or press ? or * to list all spells.
Flames lash the kobold.
The kobold is severely wounded.
The kobold's fire resistance burns away.
The kobold hits you with a +0 dagger.
* * * LOW HITPOINT WARNING * * *
The kobold barely misses you.
Casting: Scorch (safe; 4% risk of failure)
Confirm with . or Enter, or press ? or * to list all spells.
Flames lash the kobold.
The kobold is burned terribly!
You kill the kobold!
The kobold hits you with a +0 dagger.
* * * LOW HITPOINT WARNING * * *
The kobold hits you with a +0 short sword.
* * * LOW HITPOINT WARNING * * *
Magic courses through your body. The kobold closely misses you. x2
Casting: Scorch (safe; 4% risk of failure)
Confirm with . or Enter, or press ? or * to list all spells.
Flames lash the kobold.
You kill the kobold!
A kobold comes into view. It is wielding a +0 whip.
The kobold hits you with a +0 short sword.
* * * LOW HITPOINT WARNING * * *
Unknown command.
Okay, then.
It was a potion of might.
You feel very mighty all of a sudden. The kobold barely misses you.
The kobold hits you with a +0 whip.
You die...

▒.......▒▒
▒~~...~~▒
▒.......▒
▒~.....~▒
...▒.▒.▒▒
▒...K...▒ ▒▒▒▒▒▒▒▒
...▒.▒.▒ ▒.....▒
▒......▒.▒
...▒.▒.▒ ▒.▒
▒.▒▒...▒.▒
...▒.▒.▒ ▒.▒
▒.▒▒...▒.▒
▒'▒▒.▒.▒ ▒K▒
▒.▒▒...▒.▒
▒%▒▒.▒.▒
▒K▒▒▒▒▒▒.▒▒...▒.▒
▒.▒▒.▒.▒▒▒▒
▒QK.<.........▒.▒
..........▒
▒▒▒▒▒▒▒▒.▒▒..▒▒.▒▒
..▒▒.▒▒▒▒▒▒▒▒▒▒▒▒▒
▒.▒▒.......
..▒▒.▒...........▒
▒.▒▒▒.▒▒.▒▒
..▒▒.▒.▒▒▒▒▒▒▒▒▒.▒
▒.▒ ▒.▒▒.▒
..▒▒.▒.▒ ▒.▒ ▒.▒
▒.▒▒.▒ ..▒▒.▒.▒
▒.▒ ▒.▒ ▒.▒▒.▒
..▒▒.▒.▒
▒.▒▒▒▒▒▒.▒▒▒.▒▒.▒
..▒▒.▒.▒
▒...............▒


You could see 4 kobolds.

Vanquished Creatures
  An adder (D:2)
  A gnoll (D:1)
  2 dart slugs (D:1)
  3 endoplasms
  4 goblins (D:1)
  4 hobgoblins (D:1)
  A quokka (D:2)
  3 ball pythons
  3 bats (D:1)
  2 frilled lizards
  3 kobolds
  2 rats (D:1)
29 creatures vanquished.

Vanquished Creatures (others)
  65 foxfires
65 creatures vanquished.

Grand Total: 94 creatures vanquished

Notes
Turn   | Place    | Note
-------+----------+-------------------------------------------
     0 | D:1      | shmup the Tengu Fire Elementalist began the quest for the
                  | Orb.
     0 | D:1      | Reached XP level 1. HP: 10/10 MP: 4/4
    80 | D:1      | Reached XP level 2. HP: 8/15 MP: 0/6
   312 | D:1      | Reached skill level 4 in Fire Magic
   392 | D:1      | Found Jirytoad's Magic Scroll Shop.
   403 | D:1      | Reached XP level 3. HP: 19/19 MP: 4/7
   428 | D:1      | Bought a scroll of teleportation for 42 gold pieces
  1191 | D:2      | Learned a level 2 spell: Scorch
  1368 | D:2      | Slain by a kobold

Illustrated notes

Levels and vault maps discovered:
D:1:      heliophobic_arrival_dark_side_of_the_moon, layout_loops_ring,
          serial_shops, shop
D:2:      minmay_kobold_bridge, layout_basic, minmay_tromino_v4_b

Skill      XL: |  1  2 |
---------------+-------+-----
Conjurations   | 2 |  2.9
Fire Magic     | 4 |  4.6
Dodging        | |  2.1
Stealth        | |  2.0
Spellcasting   | |  2.0

Action                     || total
---------------------------++-------
  Melee: Dagger            ||    15
         Kick              ||     4
         Peck              ||     2
   Cast: Foxfire           ||    41
         Scorch            ||     4
    Use: Potion            ||     2
 Armour: Robe              ||     7
  Dodge: Dodged            ||    31
